Map: Lerilak Crest

Players

SortOf - Winner!

  • Race: Zerg Zerg
  • League: Grandmaster

Dayshi

  • Race: Terran Terran
  • League: Grandmaster

Event: 2016 WCS Winter Challenger Europe

VOD

Have the link to the VOD?

Description

Time

  • Played on: Feb. 13, 2016, 1:59 p.m.
  • Length: 10:00

All games in this series

Show
View Real Time Build Order
Export as new Build Order

SortOf Zerg - Winner!

Build Orders: Hatch First 

Get SALT Encoding   

  12  0:00  Drone  
  13  0:12  Overlord  
  13  0:16  Drone  
  14  0:31  Drone x2  
  14  0:34  Drone  
  17  0:46  Drone  
  18  0:57  Hatchery  
  18  0:59  Drone  
  18  1:05  Extractor  
  18  1:07  Drone  
  18  1:18  Spawning Pool  
  18  1:21  Drone  
  18  1:31  Drone  
  19  1:42  Drone  
  20  1:50  Overlord  
  20  2:04  Queen  
  20  2:08  Metabolic Boost, Zergling x2  
  23  2:10  Queen  
  23  2:11  Zergling x2  
  23  2:14  Zergling x2  
  27  2:21  Drone  
  28  2:24  Drone  
  29  2:33  Drone x2  
  31  2:41  Queen  
  33  2:45  Overlord  
  33  2:46  Drone  
  34  2:57  Drone  
  35  3:03  Drone  
  35  3:05  Drone x2  
  38  3:18  Drone x2  
  38  3:19  Drone x4  
  44  3:24  Overlord  
  44  3:30  Hatchery  
  44  3:32  Drone  
  44  3:38  Roach Warren  
  44  3:39  Drone  
  44  3:41  Overlord  
  44  3:51  Queen  
  46  3:56  Overlord  
  46  3:58  Drone x2  
  46  3:59  Extractor  
  46  4:00  Zergling x6  
  50  4:06  Lair  
  50  4:07  Drone x2  
  51  4:19  Overlord  
  51  4:26  Drone x4, Spore Crawler  
  51  4:28  Extractor  
  51  4:29  Queen  
  51  4:31  Roach  
  57  4:35  Roach  
  57  4:36  Roach  
  61  4:41  Drone x2  
  63  4:47  Spore Crawler  
  63  4:49  Drone x2, Spore Crawler  
  63  4:54  Drone, Evolution Chamber  
  63  4:56  Drone, Evolution Chamber  
  63  4:59  Ravager x2  
  65  5:03  Drone x2  
  65  5:04  Extractor  
  66  5:09  Drone x2  
  66  5:11  Overseer  
  67  5:15  Drone x3  
  67  5:20  Zerg Ground Armor Level 1  
  70  5:22  Drone  
  70  5:24  Drone x2  
  73  5:30  Zerg Missile Weapons Level 1  
  73  5:38  Drone x2  
  73  5:39  Drone x4  
  73  5:41  Glial Reconstitution  
  73  5:42  Extractor  
  78  5:44  Overlord  
  78  5:46  Overlord  
  78  5:55  Overlord x2  
  75  6:07  Drone  
  75  6:08  Drone x2  
  75  6:09  Drone x2  
  75  6:10  Drone x2  
  80  6:11  Overseer  
  80  6:18  Drone x7  
  87  6:28  Roach  
  87  6:29  Overlord, Roach x3  
  95  6:33  Extractor  
  95  6:39  Overlord  
  94  6:41  Roach x2  
  98  6:49  Roach x6  
  110  6:59  Roach  
  110  7:00  Roach x4  
  120  7:15  Overlord, Zerg Ground Armor Level 2  
  120  7:16  Overlord x2  
  120  7:17  Ravager x2  
  122  7:24  Zerg Missile Weapons Level 2  
  122  7:25  Hatchery  
  122  7:26  Overlord  
  121  7:35  Roach x6  
  121  7:36  Roach x3  
  139  7:43  Roach  
  139  7:44  Roach x2  
  138  8:03  Roach x12  
  142  8:17  Roach x5  
  142  8:19  Ravager  
  153  8:20  Infestation Pit  
  153  8:21  Overlord, Ravager  
  153  8:32  Overlord  
  150  8:43  Roach x10  
  160  8:58  Roach x5  
  158  9:04  Roach x4  
  158  9:05  Roach  
  156  9:23  Roach x6  
  164  9:29  Roach x2  
  157  9:37  Roach  
Show
View Real Time Build Order
Export as new Build Order

Dayshi Terran 

Build Orders: Reaper Expand, MMM Bio, Banshee Rush 

Get SALT Encoding   

  12  0:00  SCV  
  13  0:13  SCV  
  14  0:16  Supply Depot  
  14  0:25  SCV  
  15  0:38  SCV  
  15  0:39  Barracks  
  16  0:43  Refinery  
  16  0:50  SCV  
  17  1:02  SCV  
  18  1:14  SCV  
  19  1:27  Reaper  
  19  1:28  Orbital Command  
  20  1:45  Command Center  
  20  1:53  SCV  
  21  1:55  Supply Depot  
  21  1:59  Marine  
  22  2:05  SCV  
  23  2:09  Factory  
  23  2:13  Refinery  
  23  2:17  SCV  
  23  2:20  Barracks Reactor  
  24  2:29  SCV  
  25  2:42  SCV  
  26  2:54  SCV  
  27  2:59  Orbital Command  
  27  3:02  Starport  
  27  3:06  SCV  
  27  3:09  Barracks Tech Lab  
  27  3:10  Hellion x2  
  32  3:18  SCV  
  32  3:21  Bunker  
  32  3:26  SCV  
  33  3:30  SCV  
  34  3:35  Hellion x2  
  34  3:36  Barracks Tech Lab  
  34  3:38  SCV  
  39  3:42  SCV  
  39  3:46  Cloaking Field  
  39  3:47  Banshee  
  43  3:52  SCV  
  43  3:54  SCV  
  45  4:00  Stimpack, Marine  
  46  4:04  Supply Depot  
  46  4:06  SCV, Hellion  
  49  4:11  SCV  
  48  4:18  SCV  
  48  4:23  SCV  
  50  4:27  Marine  
  50  4:29  Banshee  
  50  4:30  SCV  
  55  4:31  Barracks  
  55  4:36  SCV  
  56  4:41  Factory Tech Lab, Supply Depot  
  56  4:43  SCV  
  57  4:45  Marine  
  57  4:50  Command Center  
  57  4:51  SCV  
  59  5:00  SCV  
  59  5:03  SCV, Marine  
  59  5:06  Siege Tank  
  65  5:09  Supply Depot  
  65  5:12  SCV  
  66  5:16  SCV  
  66  5:20  Marine x2  
  69  5:22  Barracks  
  69  5:27  SCV  
  70  5:28  Engineering Bay  
  70  5:29  Engineering Bay  
  70  5:34  SCV  
  71  5:38  Siege Tank  
  71  5:40  Marine  
  71  5:41  Marine x2  
  71  5:42  SCV  
  78  5:45  Refinery  
  78  5:47  Refinery  
  78  5:49  Supply Depot  
  78  5:57  Starport Reactor  
  78  6:00  Terran Infantry Weapons Level 1, SCV x2, Terran Infantry Armor Level 1  
  78  6:03  Marine x3  
  78  6:10  Siege Tank  
  76  6:13  Orbital Command  
  76  6:19  SCV x2  
  76  6:21  Marine x2  
  76  6:23  Combat Shields  
  80  6:26  Marauder, Marine  
  83  6:34  Barracks  
  83  6:37  SCV x2  
  83  6:38  Barracks  
  85  6:43  Medivac  
  85  6:44  Medivac  
  85  6:45  Marine  
  90  6:49  SCV x2  
  90  6:51  SCV  
  90  6:52  Marine  
  96  6:54  Marauder  
  96  7:01  Siege Tank, SCV x2  
  96  7:03  Concussive Shells  
  96  7:04  Barracks  
  96  7:06  Barracks  
  97  7:09  Supply Depot  
  97  7:13  Supply Depot, SCV  
  97  7:14  Supply Depot  
  97  7:15  Marine x2  
  99  7:21  Medivac x2  
  104  7:25  Refinery, SCV x2  
  104  7:27  Refinery, Barracks Reactor  
  106  7:31  Barracks Reactor, Marine x2  
  106  7:33  SCV, Marine  
  106  7:35  Supply Depot  
  110  7:37  SCV, Marine  
  110  7:41  SCV  
  113  7:45  SCV  
  113  7:48  Marine  
  113  7:49  Marine  
  113  7:51  Marine  
  113  7:57  Marine x2  
  85  8:06  Marine x4  
  85  8:07  Marauder x2  
  85  8:08  Marine  
  85  8:09  Barracks Tech Lab  
  85  8:10  SCV x3  
  96  8:14  Marine  
  96  8:15  Marine  
  98  8:20  Armory  
  98  8:22  SCV x3  
  101  8:27  Marine  
  101  8:28  Marauder x2, Marine x4  
  101  8:30  Marine  
  101  8:34  SCV  
  112  8:38  Marine x2  
  111  8:47  Marine x2  
  101  8:48  Marauder  
  101  8:49  Marauder, Marine x2  
  101  8:50  Marauder  
  101  8:51  Marine  
  103  8:55  Orbital Command  
  103  8:56  Marine x2  
  103  8:59  SCV  
  91  9:06  Marine  
  91  9:08  Siege Tank, Marine  
  94  9:10  Marauder  
  91  9:19  Marine x2  
  91  9:20  Marauder x2  
  95  9:26  Marine  
  95  9:28  Marine  
  88  9:31  Marauder  
  88  9:37  Marine x2  
Tags
 
Add a new tag
Caveats
  • Supply blocks, unpowered buildings, or Contaminate may cause inaccurate times.
  • Supply counts are checked every 10 seconds.